 Dungeon Crawl Stone Soup version 0.21-a0-272-g984ae92 (webtiles) character file.

9 4thArraOfDagon the Vexing (level 2, 0/19 HPs)
             Began as a Mummy Enchanter on Sept 15, 2017.
             Slain by a jackal (1 damage)
             ... on level 4 of the Dungeon.
             The game lasted 00:02:15 (457 turns).

4thArraOfDagon the Vexing (Mummy Enchanter)          Turns: 457, Time: 00:02:16

Health: 0/19       AC:  2    Str: 11    XL:     2   Next: 3%
Magic:  1/5        EV: 12    Int: 14    God:
Gold:   13         SH:  0    Dex: 12    Spells: 5/6 levels left

rFire    x . .     SeeInvis +   a - +1 dagger
rCold    + . .     Gourm    .   (no shield)
rNeg     + + +     Faith    .   b - +0 robe
rPois    ∞         Spirit   .   (no helmet)
rElec    .         Reflect  .   (no cloak)
rCorr    .         Harm     .   (no gloves)
MR       .....                  (no boots)
Stlth    ++........             (no amulet)
HPRegen  0.06/turn              h - ring of see invisible
MPRegen  0.09/turn              (no ring)

@: very slightly contaminated
A: no food or potions, fire vulnerability, cold resistance 1, negative energy
resistance 3, torment resistance, unbreathing
a: no special abilities


You were on level 4 of the Dungeon.
You were not hungry.

You visited 1 branch of the dungeon, and saw 4 of its levels.

You collected 13 gold pieces.

Inventory:

Hand Weapons
 a - a +1 dagger (weapon)
Missiles
 g - 5 curare-tipped needles
 k - 7 needles of confusion
Armour
 b - a +0 robe (worn)
Jewellery
 h - a ring of see invisible (left hand)
Scrolls
 e - a scroll of magic mapping
 f - a scroll of identify
 i - a scroll of recharging
Books
 c - a book of Maledictions

   Spells                             Type                      Level
   a - Corona                         Hexes                        1
   b - Ensorcelled Hibernation        Hexes/Ice                    2
   c - Confuse                        Hexes                        3
   d - Tukima's Dance                 Hexes                        3
   e - Dazzling Spray                 Conjuration/Hexes            3


   Skills:
 * Level 1.3 Short Blades
 + Level 1.9 Dodging
 - Level 2.4 Stealth
 - Level 2.6 Spellcasting
 - Level 2.6 Hexes


You had 5 spell levels left.
You knew the following spells:

 Your Spells              Type           Power        Failure   Level  Hunger
a - Corona                Hex            #......      8%          1    N/A

Dungeon Overview and Level Annotations

Branches:
Dungeon (4/15)
 Temple: D:4-7

Altars:


Innate Abilities, Weirdness & Mutations

You do not eat or drink.
Your flesh is vulnerable to fire.
You are immune to poison.
Your flesh is cold resistant. (rC+)
You are immune to negative energy. (rN+++)
You are immune to unholy pain and torment.
You can survive without breathing.


Message History

Aim: a jackal (chance to defeat MR: 62%)
The jackal struggles to resist.
The jackal bites you.
* * * LOW HITPOINT WARNING * * *
Unknown command.
You hit the jackal.
The jackal is severely wounded.
The jackal barely misses you.
Unknown command.
You closely miss the jackal.
The jackal is severely wounded.
The jackal closely misses you. x2
Unknown command.
You miss the jackal.
The jackal is severely wounded.
The jackal closely misses you.
Unknown command.
You closely miss the jackal.
The jackal is severely wounded.
The jackal bites you.
You die...

,,*,*****,,,** #.#
*,*******,*
,,*,****,***,###.#
*,**,,,,,>** ,,,,,,,,,*
*,,...# *,#*,***,,*,
,*******,*##.###.#####.##.*
*,,*, ,*
**,................***,,,,
,*
*******#..<....#*,,,,,**,
,* #.#######***,****, ,*
#h# *,* *, ,* #@# *,* *, ,*
#.# *,****, ,* #(# *,,,**,
,* #.# ***,**, ,* #.# *,**,
,* #.# *,**, ,* #.# *,***
,* #.# *,* ,* *,* *,*


You could see a jackal.

Vanquished Creatures
  A giant cockroach (D:1)
  A hobgoblin (D:2)
  A jackal (D:4)
  A kobold (D:1)
  2 bats
  2 rats (D:1)
8 creatures vanquished.

Notes
Turn   | Place    | Note
-------+----------+-------------------------------------------
     0 | D:1      | 4thArraOfDagon the Mummy Enchanter began the quest for the Orb.
     0 | D:1      | Reached XP level 1. HP: 13/13 MP: 4/4
    27 | D:1      | Reached skill level 1 in Short Blades
   444 | D:4      | Reached XP level 2. HP: 5/19 MP: 5/5
   457 | D:4      | Slain by a jackal

Vault maps used:
D:1:      saegor_arrival_simple_c
D:2:      chequers_temple_overflow_statue_of_worship
D:3:      cheibrodos_pilgrimage
D:4:      trog_book

Skill      XL: |  1 |
---------------+----+-----
Short Blades   | 1 |  1.3
Dodging        | |  1.9
Stealth        | |  2.4
Spellcasting   | |  2.6
Hexes          | |  2.6

Action                   || total
-------------------------++-------
Melee: Dagger            ||    33
Throw: Javelin           ||     2
 Cast: Corona            ||     8
  Use: Scroll            ||     4
 Stab: Sleeping          ||     3
Armor: Robe              ||     6
Dodge: Dodged            ||    35

Table legend:
 A = Spawn XP
 B = Non-spawn XP
 C = Spawn XP percentage of total XP
 D = Spawn monster count
 E = Non-spawn monster count
 F = Spawn count percentage of total count
 G = Total turns spent on level
                    A         B        C        D         E        F      G
               +---------+---------+-------+---------+---------+-------+---------
         Total |       0 |      13 |   0.0 |       0 |       8 |   0.0 |   457
               +---------+---------+-------+---------+---------+-------+---------
           D:1 |       0 |       7 |   0.0 |       0 |       5 |   0.0 |   228
           D:2 |       0 |       4 |   0.0 |       0 |       2 |   0.0 |   186
           D:4 |       0 |       2 |   0.0 |       0 |       1 |   0.0 |    29
               +---------+---------+-------+---------+---------+-------+---------
